 Dungeon Crawl Stone Soup version 0.22-b1-26-g9dbaab1 (webtiles) character file.

49 MTVSty1e the Cudgeler (level 3, -2/23 HPs)
             Began as a Gargoyle Fighter on Aug 8, 2018.
             Slain by a gnoll
             ... wielding a +0 halberd
              (9 damage)
             ... on level 2 of the Dungeon.
             The game lasted 00:01:00 (788 turns).

MTVSty1e the Cudgeler (Gargoyle Fighter)             Turns: 788, Time: 00:01:01

Health: -2/23      AC: 12    Str: 20    XL:     3   Next: 75%
Magic:  3/3        EV:  8    Int:  8    God:
Gold:   47         SH:  9    Dex:  9    Spells: 2/2 levels left

rFire    x . .     SeeInvis .   a - +0 flail
rCold    + . .     Gourm    .   c - +0 shield
rNeg     + . .     Faith    .   b - +0 scale mail
rPois    ∞         Spirit   .   p - +1 helmet
rElec    +         Reflect  .   (no cloak)
rCorr    .         Harm     .   (no gloves)
MR       .....                  (no boots)
Stlth    ..........             i - amulet of rage
HPRegen  0.07/turn              e - ring of ice
MPRegen  0.08/turn              l - +1 ring of evasion

@: no status effects
A: negative energy resistance 1, electricity resistance, unbreathing,
petrification resistance, rot immunity, AC +3
a: Evoke Berserk Rage


You were on level 2 of the Dungeon.
You were not hungry.

You visited 1 branch of the dungeon, and saw 2 of its levels.

You collected 47 gold pieces.

Inventory:

Hand Weapons
 a - a +0 flail (weapon)
Armour
 b - a +0 scale mail (worn)
 c - a +0 shield (worn)
 p - a +1 helmet (worn)
Jewellery
 e - a ring of ice (left hand)
 i - an amulet of rage (around neck)
 l - a +1 ring of evasion (right hand)
Scrolls
 j - a scroll of teleportation {unknown}
 k - a scroll of blinking {unknown}
 n - 2 scrolls of identify {unknown}
Potions
 d - a potion of might
 g - a potion of haste {unknown}
 h - a potion of heal wounds {unknown}
 m - a potion of mutation {unknown}
 o - a potion of degeneration {unknown}
 q - a potion of curing {unknown}
Comestibles
 f - 4 rations


   Skills:
 - Level 3.2 Fighting
 + Level 4.0 Maces & Flails
 - Level 3.2 Armour
 - Level 3.2 Shields


You had 2 spell levels left.
You didn't know any spells.
Your spell library was empty.

Dungeon Overview and Level Annotations

Branches:
Dungeon (2/15)

Altars:


Innate Abilities, Weirdness & Mutations

You are resistant to torment.
Your stone body is resilient. (AC +3)
You are immune to poison.
You resist negative energy. (rN+)
You are resistant to electric shocks. (rElec)
You can survive without breathing.
You are immune to petrification.
You are immune to rotting.


Message History

You block the gnoll's attack. The gnoll hits you but does no damage.
You sock the gnoll!
You kill the gnoll!
You block the gnoll's attack.
Your shield prevents you from hitting the gnoll.
The gnoll is heavily wounded.
The gnoll hits you from afar with a halberd.
The gnoll hits you but does no damage.
You hit the gnoll.
You kill the gnoll!
Your Maces & Flails skill increases to level 4!
The gnoll barely misses you. You block the gnoll's attack.
Things that are here:
a club x2; a gnoll corpse The gnoll closely misses you.
You block the gnoll's attack. The gnoll hits you but does no damage.
The gnoll hits you with a halberd!
You die...

##### #. #####
#####...############. ....
........'....)....... #...
####...############# #...
#######...# #... #.....#...#
#.#..†### #.....#...#
........###.....#g..########
.......?..)...g.@((........#
........###..)..##########.#
........# #.....# ........#
#.....# ........# #.....#
........# #.....# ....>...#
####.... ######### #....
#..%?.


You could see 2 gnolls.

Vanquished Creatures
  2 gnolls (D:2)
  A dart slug (D:1)
  2 leopard geckos
  2 giant cockroaches (D:1)
  2 goblins
  5 hobgoblins (D:1)
  2 bats (D:1)
  2 frilled lizards
  4 kobolds
  3 rats (D:1)
25 creatures vanquished.

Notes
Turn   | Place    | Note
-------+----------+-------------------------------------------
     0 | D:1      | MTVSty1e the Gargoyle Fighter began the quest for the Orb.
     0 | D:1      | Reached XP level 1. HP: 14/14 MP: 1/1
    87 | D:1      | Reached XP level 2. HP: 16/19 MP: 2/2
   191 | D:1      | Reached skill level 3 in Maces & Flails
   706 | D:2      | Reached XP level 3. HP: 23/23 MP: 3/3
   781 | D:2      | Reached skill level 4 in Maces & Flails
   788 | D:2      | Slain by a gnoll

Skill      XL: |  1  2  3 |
---------------+----------+-----
Maces & Flails | 3 4 |  4.0
Fighting       | |  3.2
Armour         | |  3.2
Shields        | |  3.2

Action                   || total
-------------------------++-------
Melee: Flail             ||   122
Armor: Scale mail        ||    83
Dodge: Dodged            ||    66
Block: Shield            ||    92
